 Dungeon Crawl Stone Soup version 0.28-a0-984-g3775c662fe (webtiles) character file.

Game seed: 14649005671700969878

314 senseless the Skirmisher (level 6, -2/44 HPs)
             Began as an Octopode Berserker on Dec 3, 2021.
             Was a Believer of Trog.
             Slain by an iguana (11 damage)
             ... on level 4 of the Dungeon.
             The game lasted 00:04:19 (1815 turns).

senseless the Skirmisher (Octopode Berserker)       Turns: 1815, Time: 00:04:20

Health: -2/44      AC:  1    Str: 18    XL:     6   Next: 43%
Magic:  2/2        EV: 14    Int:  9    God:    Trog [**....]
Gold:   75         SH:  0    Dex: 12    Spells: 5/5 levels left

rFire   + . .      SeeInvis .   t - +3 falchion (antimagic)
rCold   x . .      Faith    +   (no shield)
rNeg    . . .      Spirit   .   (helmet restricted)
rPois   .          Reflect  .   j - amulet of faith
rElec   .          Harm     .   b - +4 ring of slaying
rCorr   .          Rampage  .   o - ring of fire
Will    .....                   (no ring)
Stlth   +++.......              (no ring)
HPRegen 0.14/turn               (no ring)
MPRegen 0.08/turn               (no ring)
                                (no ring)
                                (no ring)

@: weak-willed
A: almost no armour, amphibious, 8 rings, camouflage 1, gelatinous body 1,
(nimble swimmer 1), tentacles
a: Renounce Religion, Berserk, Trog's Hand


You were on level 4 of the Dungeon.
You worshipped Trog.
Trog was pleased with you.
You visited 1 branch of the dungeon, and saw 4 of its levels.

You collected 75 gold pieces.

Inventory:

Hand Weapons
 a - a +0 hand axe
 n - a +0 short sword of speed
 t - a +3 antimagic falchion (weapon)
Missiles
 c - 3 silver boomerangs (quivered)
 i - 13 poisoned darts
Jewellery
 b - a +4 ring of slaying (left tentacle)
 j - an amulet of faith (around mantle)
 o - a ring of fire (right tentacle)
Scrolls
 e - a scroll of teleportation
 h - a scroll of identify
 k - a scroll of vulnerability
 p - a scroll of magic mapping {unknown}
 q - a scroll of fog {unknown}
 r - a scroll of summoning {unknown}
Potions
 f - a potion of heal wounds
 l - a potion of flight {unknown}
 m - a potion of lignification {unknown}
 s - a potion of resistance {unknown}


   Skills:
 + Level 4.7 Fighting
 + Level 0.2 Long Blades
 + Level 4.7 Axes
 + Level 4.1 Dodging
 + Level 2.2 Stealth


You had 5 spell levels left.
You didn't know any spells.
Your spell library was empty.

Dungeon Overview and Level Annotations

Branches:
Dungeon (4/15)
 Temple: D:4-7

Altars:

Shops:
D:4 [

Annotations:
D:4 Eustachio


Innate Abilities, Weirdness & Mutations

You cannot wear most types of armour.
You are amphibious.
You can wear up to eight rings at the same time.
Your skin changes colour to match your surroundings (Stealth+).
Your rubbery body absorbs attacks. (AC +1, EV +1)
((You are camouflaged near water. (Stealth+)))
You have tentacles for arms and can constrict up to eight enemies at once.


Message History

The hobgoblin closely misses you. The hound closely misses you.
The hound bites you. The hobgoblin hits you.
An iguana comes into view.
The iguana hisses angrily.
You slash the hound!
You kill the hound!
Trog accepts your kill. The hound bites you. The hobgoblin closely misses you.
The hound bites you. The endoplasm hits you.
Your Stealth skill increases to level 2!
You are too injured to fight recklessly!
You slash the endoplasm!
You kill the endoplasm!
Trog accepts your kill. The hound bites you.
* * * LOW HITPOINT WARNING * * *
The hobgoblin misses you. The hound completely misses you.
You slash the hound! You grab the hound.
The hound is heavily wounded.
You constrict the hound. The hound completely misses you.
The hobgoblin hits you.
* * * LOW HITPOINT WARNING * * *
The hound completely misses you. The hobgoblin hits you.
* * * LOW HITPOINT WARNING * * *
You hit the hound.
The hound is almost dead.
You constrict the hound.
You kill the hound!
Trog accepts your kill. The hobgoblin closely misses you.
You slash the hobgoblin!
You kill the hobgoblin!
Trog accepts your kill.
You see here a hound corpse.
You hit the iguana but do no damage. You grab the iguana.
You constrict the iguana. The iguana barely misses you.
You hit the iguana.
The iguana is moderately wounded.
You constrict the iguana. The iguana bites you!
You die...

.@... .....
......
#####......
##...#....##
##..........#
#.......)....
#............
#..@.........
#...l.†.......
#..#..........
.........#∩#....
........###......
..<...... ......
..##..### ..##.#
#. ...


You could see an iguana.

Vanquished Creatures
  Sigmund (D:2)
  2 hounds (D:4)
  3 adders
  2 dart slugs
  An orc (D:3)
  A bat (D:2)
  3 endoplasms
  13 giant cockroaches
  8 goblins
  5 hobgoblins
  2 quokkas
  3 ball pythons
  5 frilled lizards
  4 kobolds
  A rat (D:2)
54 creatures vanquished.

Notes
Turn   | Place    | Note
-------+----------+-------------------------------------------
     0 | D:1      | senseless the Octopode Berserker began the quest for the
                  | Orb.
     0 | D:1      | Reached XP level 1. HP: 16/16 MP: 1/1
   184 | D:1      | Reached XP level 2. HP: 20/21 MP: 2/2
   515 | D:2      | Noticed Sigmund
   519 | D:2      | Killed Sigmund
   520 | D:2      | Reached XP level 3. HP: 27/27 MP: 3/3
   520 | D:2      | Reached XP level 4. HP: 34/34 MP: 4/4
   520 | D:2      | Reached XP level 5. HP: 38/38 MP: 5/5
   689 | D:2      | Reached skill level 1 in Stealth
   781 | D:2      | Found a faded altar of an unknown god.
   823 | D:2      | Reached ** piety under Trog
  1425 | D:3      | Reached XP level 6. HP: 44/44 MP: 6/6
  1799 | D:4      | Found Ruoxt's Antique Armour Emporium.
  1801 | D:4      | Noticed Eustachio
  1815 | D:4      | Slain by an iguana

Illustrated notes

Levels and vault maps discovered:
D:1:      lemuel_arrival_broad_hall, layout_basic
D:2:      minmay_roachtagon, layout_loops_ring,
          ebering_ecumenical_altar_petrified, uniq_sigmund
D:3:      layout_basic, grunt_decor_junction, minmay_quadrilaterals
D:4:      layout_rooms, bloody_trog, minmay_temple_entry_arrows,
          lightli_sewer_entry_pipes, serial_shops, nicolae_shop_behind_doors,
          shop, shop, nicolae_shop_competitors_out_of_business, st_stairs_14,
          minmay_cut_off, uniq_menkaure, uniq_edmund, uniq_duvessa, uniq_robin,
          uniq_eustachio, uniq_grinder

Skill      XL: |  1  2  3  4  5  6 |
---------------+-------------------+-----
Fighting       | 4 |  4.7
Axes           | 4 |  4.7
Dodging        | 4 |  4.1
Stealth        | 1 2 |  2.2
Long Blades    | |  0.2

Action                   |  1- 3 |  4- 6 || total
-------------------------+-------+-------++-------
Melee: Hand axe          |    15 |    44 ||    59
       Tentacles         |     4 |     8 ||    12
       Constrict         |     3 |    17 ||    20
       Falchion          |       |    16 ||    16
Invok: Berserk           |     1 |       ||     1
  Use: Scroll            |       |     5 ||     5
 Stab: Sleeping          |     1 |     9 ||    10
Armor: Skin              |       |     3 ||     3
Dodge: Dodged            |     6 |    45 ||    51

Table legend: (Time is in decaauts)
 A = Elapsed time spent in this place.
 B = Non-inter-level travel time spent in this place.
 C = Inter-level travel time spent in this place.
 D = Time resting spent in this place.
 E = Time spent auto-exploring this place.
 F = Levels seen in this place.
 G = Mean time per level.
                   A        B        C        D        E       F      G
               +--------+--------+--------+--------+--------+-----+--------+
         Total |   1830 |   1795 |     35 |     37 |   1415 |   4 |  457.5 |
       Dungeon |   1830 |   1795 |     35 |     37 |   1415 |   4 |  457.5 |
               +--------+--------+--------+--------+--------+-----+--------+

Top non-repeatable levels by time:
     D:3: 648 daAuts
     D:2: 640 daAuts
     D:1: 510 daAuts
     D:4: 30 daAuts
